 Dungeon Crawl Stone Soup version 0.21-a0-460-g737a915 (webtiles) character file.

548 Laiders the Changer (level 7, -1/52 HPs)
             Began as a Grey Draconian Transmuter on Nov 20, 2017.
             Slain by a gnoll
             ... wielding a +0 whip
              (7 damage)
             ... on level 5 of the Dungeon.
             The game lasted 00:21:11 (5539 turns).

Laiders the Changer (Grey Draconian Transmuter)     Turns: 5539, Time: 00:21:11

Health: -1/52      AC:  2    Str: 12    XL:     7   Next: 7%
Magic:  13/13      EV: 20    Int: 15    God:
Gold:   146        SH:  0    Dex: 22    Spells: 4/14 levels left

rFire    . . .     SeeInvis .     - Unarmed
rCold    + + .     Gourm    .   (shield currently unavailable)
rNeg     + . .     Faith    .   (armour unavailable)
rPois    x         Spirit   .   (helmet currently unavailable)
rElec    +         Reflect  .   (cloak currently unavailable)
rCorr    .         Harm     .   (gloves currently unavailable)
MR       .....                  (boots currently unavailable)
Stlth    ++........             (no amulet)
HPRegen  0.17/turn              r - ring "Axzaf" {*Contam rElec rC+ rN+ Dex+5}
MPRegen  0.13/turn              p - ring of protection from cold

@: spider-form (expiring)
A: (walk through water), unfitting armour, AC +11
a: End Transformation


You were on level 5 of the Dungeon.
You were hungry.
You were a venomous arachnid creature.
You visited 1 branch of the dungeon, and saw 5 of its levels.

You collected 146 gold pieces.

Inventory:

Hand Weapons
 l - a +3 short sword of draining (melded)
Missiles
 a - 77 arrows
Armour
 t - a +0 pair of boots (melded)
Jewellery
 e - an uncursed ring of ice
 p - a ring of protection from cold (right front leg)
 r - the ring "Axzaf" (left front leg) {*Contam rElec rC+ rN+ Dex+5}
   (You found it on level 4 of the Dungeon)

   [ring of positive energy]

   It affects your dexterity (+5).
   It protects you from cold.
   It insulates you from electricity.
   It protects you from negative energy.
   It causes magical contamination when unequipped.
Scrolls
 f - a scroll of teleportation
 h - a scroll of enchant weapon
 i - 2 scrolls of remove curse
 k - a scroll of immolation {unknown}
 n - 4 scrolls of amnesia
Potions
 j - 3 potions of might
 m - 2 potions of brilliance {unknown}
 o - 4 potions of lignification
 s - a potion of cancellation {unknown}
Books
 b - a book of Changes

   Spells                             Type                      Level
   a - Beastly Appendage              Transmutation                1
   b - Sticks to Snakes               Transmutation                2
   c - Spider Form                    Transmutation/Poison         3
   d - Ice Form                       Ice/Transmutation            4
   e - Blade Hands                    Transmutation                5
Comestibles
 c - 2 bread rations
 d - 4 fruits
 q - a meat ration


   Skills:
 - Level 1.1 Fighting
 - Level 1.7 Dodging
 + Level 3.6 Unarmed Combat
 + Level 4.2 Spellcasting
 + Level 5.1 Transmutations
 - Level 3.0 Poison Magic


You had 4 spell levels left.
You knew the following spells:

 Your Spells              Type           Power        Failure   Level  Hunger
a - Blade Hands           Tmut           ###.......   71%         5    ######.
b - Sticks to Snakes      Tmut           ###.....     11%         2    ##.....
c - Spider Form           Tmut/Pois      ###.......   24%         3    ###....


Dungeon Overview and Level Annotations

Branches:
Dungeon (5/15)
 Temple: D:4-7

Altars:
Ashenzari
Cheibriados
Nemelex Xobeh


Innate Abilities, Weirdness & Mutations

((You can walk through water.))
((Your dull iron-grey scales are very hard. (AC +11)))
You cannot fit into any form of body armour.
((You can survive without breathing.))
((You are cold-blooded and may be slowed by cold attacks.))


Message History

The gnoll is severely wounded.
The gnoll misses you. The gnoll hits you with a spear!
* * * LOW HITPOINT WARNING * * *
Your transformation is almost over.
The gnoll completely misses you.
You kill the gnoll!
You hit the gnoll.
The gnoll is moderately wounded.
The gnoll barely misses you.
You hit the gnoll.
The gnoll is poisoned.
The gnoll is moderately wounded.
The gnoll barely misses you.
You barely miss the gnoll.
The gnoll is heavily wounded.
The gnoll hits you with a whip.
* * * LOW HITPOINT WARNING * * *
You barely miss the gnoll.
The gnoll is severely wounded.
The gnoll hits you with a whip!
You die...

#...........#
########.####..#
#........# #..#
#.######.# #..#
#.# #.# ...# #.#
#.#.....< #.#
#.#.....#
#######.#
#.####.##
#....s..######..
... .
#####g###...
..### ## #)###.#
# #.)...### #
#.......# #
#.......+ .
#...†.).#
#.....)......
#.######....#


You could see a gnoll.

Vanquished Creatures
  2 ogres
  A bullfrog zombie (D:5)
  2 hounds
  2 worker ants
  A killer bee zombie (D:5)
  5 adders
  A gnoll (D:5)
  3 oozes (D:2)
  An adder skeleton (D:5)
  5 worms
  A leopard gecko (D:3)
  8 orcs
  4 giant cockroaches
  8 goblins
  4 hobgoblins
  4 jackals (D:2)
  A quokka (D:4)
  A ball python (D:3)
  8 bats
  3 frilled lizards
  6 kobolds
  A leopard gecko skeleton (D:4)
  A quokka skeleton (D:4)
  4 rats
77 creatures vanquished.

Vanquished Creatures (collateral kills)
  Menkaure (D:4)
  5 adders
  An orc (D:4)
  2 jackals (D:2)
  A quokka (D:2)
  A bat (D:2)
11 creatures vanquished.

Grand Total: 88 creatures vanquished

Notes
Turn   | Place    | Note
-------+----------+-------------------------------------------
     0 | D:1      | Laiders the Draconian Transmuter began the quest for the Orb.
     0 | D:1      | Reached XP level 1. HP: 16/16 MP: 3/3
   800 | D:2      | Reached XP level 2. HP: 23/23 MP: 3/5
   804 | D:2      | Learned a level 2 spell: Sticks to Snakes
   887 | D:2      | Reached skill level 3 in Transmutations
  1148 | D:2      | Reached XP level 3. HP: 25/28 MP: 2/6
  1243 | D:2      | Learned a level 3 spell: Spider Form
  1670 | D:2      | Reached skill level 1 in Poison Magic
  1688 | D:2      | Reached XP level 4. HP: 32/35 MP: 7/7
  2249 | D:3      | Reached skill level 4 in Transmutations
  2388 | D:3      | Found a shattered altar of Ashenzari.
  3062 | D:4      | Noticed Menkaure
  3062 | D:4      | Noticed an ogre
  3440 | D:4      | Reached XP level 5. HP: 28/40 MP: 9/9
  3573 | D:4      | Killed an ogre
  3772 | D:4      | Killed Menkaure
  3772 | D:4      | Reached XP level 6. HP: 15/47 MP: 4/11
  3779 | D:4      | Learned a level 5 spell: Blade Hands
  4613 | D:4      | Got a glittering silver ring
  4783 | D:5      | Entered Level 5 of the Dungeon
  4919 | D:5      | Found a snail-covered altar of Cheibriados.
  4982 | D:5      | Found a sparkling altar of Nemelex Xobeh.
  5124 | D:5      | Reached skill level 5 in Transmutations
  5322 | D:5      | Identified the ring "Axzaf" {*Contam rElec rC+ rN+ Dex+5} (You found it on level 4 of the Dungeon)
  5360 | D:5      | Your scales start taking on a dull iron-grey colour.
  5360 | D:5      | Reached XP level 7. HP: 39/52 MP: 13/13
  5360 | D:5      | Gained mutation: You can survive without breathing. [Grey Draconian growth]
  5539 | D:5      | Slain by a gnoll

Vault maps used:
D:1:      dpeg_arrival_renting
D:3:      lemuel_tele_altar
D:4:      uniq_menkaure
D:5:      first_bread, hangedman_feature_mirror

Skill      XL: |  1  2  3  4  5  6 |
---------------+-------------------+-----
Transmutations | 3 4 5 |  5.1
Poison Magic   | 1 2 3 |  3.0
Spellcasting   | 3 4 |  4.2
Fighting       | |  1.1
Dodging        | |  1.7
Unarmed Combat | |  3.6

Action                   |  1- 3 |  4- 6 |  7- 9 || total
-------------------------+-------+-------+-------++-------
Melee: Dagger            |    25 |       |       ||    25
       Unarmed           |    13 |    38 |    19 ||    70
       Tailslap          |     8 |    16 |       ||    24
       Short sword       |    67 |   118 |       ||   185
       Whip              |     2 |       |       ||     2
       Headbutt          |     2 |       |       ||     2
       Kick              |     1 |       |       ||     1
 Cast: Beastly Appendage |     8 |       |       ||     8
       Sticks to Snakes  |     8 |    19 |       ||    27
       Spider Form       |       |     4 |     1 ||     5
  Use: Scroll            |       |     7 |       ||     7
 Stab: Distracted        |       |     1 |       ||     1
  Eat: Chunk             |     3 |     9 |       ||    12
       Bread ration      |       |     1 |       ||     1
Armor: Skin              |    58 |    45 |       ||   103
Dodge: Dodged            |   102 |   134 |    30 ||   266

Table legend:
 A = Spawn XP
 B = Non-spawn XP
 C = Spawn XP percentage of total XP
 D = Spawn monster count
 E = Non-spawn monster count
 F = Spawn count percentage of total count
 G = Total turns spent on level
                    A         B        C        D         E        F      G
               +---------+---------+-------+---------+---------+-------+---------
         Total |       0 |     783 |   0.0 |       0 |      88 |   0.0 |  5539
               +---------+---------+-------+---------+---------+-------+---------
           D:1 |       0 |      10 |   0.0 |       0 |       7 |   0.0 |   796
           D:2 |       0 |     102 |   0.0 |       0 |      29 |   0.0 |  1205
           D:3 |       0 |      42 |   0.0 |       0 |      22 |   0.0 |  1016
           D:4 |       0 |     315 |   0.0 |       0 |      18 |   0.0 |  1766
           D:5 |       0 |     314 |   0.0 |       0 |      12 |   0.0 |   756
               +---------+---------+-------+---------+---------+-------+---------
